Unix NetHack Version 5.0.0-0 post-release - last build May 10 2026 23:12:36 (d1fa5d53e341ca933230fdaa984d921c805b60aa,branch:main).

Game began 2026-05-13 14:02:30, ended 2026-05-13 14:08:53.

ArrBianca, lawful female dwarven Archeologist

                             ----
                             |..-
                             |.u.
                             |@--
                             |h|
                            --.--
                            -...|
                            ..<.|
                             -.--

ArrBianca the Field Worker  St:13 Dx:14 Co:19 In:16 Wi:14 Ch:7  Lawful
Dlvl:5  $:35 HP:0(39) Pw:6(6) AC:9  Xp:3 T:1316 

Latest messages:
 You are caught in a bear trap.
 You are caught in a bear trap.
 You are caught in a bear trap.
 You are caught in a bear trap.
 You finally wriggle free.
 The gecko bites!
 You lash the gecko.
 You kill the gecko!
 You see here a gecko corpse.
 What do you want to use or apply? [aefgh or ?*] f
 There is a gecko corpse here; tin it? [ynq] (n) y
 p - a tin of gecko meat.
 You find a magic trap.
 You descend the stairs.
 You miss the pony.
 The pony kicks!
 The pony bites!
 You miss the pony.
 The hobbit wields a dagger!
 The pony kicks!
 The pony bites!
 The hobbit thrusts his dagger.
 The hobbit hits!
 You lash the hobbit.
 The hobbit thrusts his dagger.
 The hobbit hits!
 The pony kicks!
 The pony bites!
 The pony kicks!
 The pony bites!
 Are you sure you want to pray? [yn] (n) y
 You begin praying to Quetzalcoatl.
 You are surrounded by a shimmering light.
 The pony starts to attack you, but pulls back.
 The pony starts to attack you, but pulls back.
 The hobbit starts to attack you, but pulls back.
 The pony starts to attack you, but pulls back.
 The pony starts to attack you, but pulls back.
 The hobbit starts to attack you, but pulls back.
 The pony starts to attack you, but pulls back.
 You finish your prayer.
 You feel that Quetzalcoatl is well-pleased.
 You feel in good health again.
 You lash the hobbit.
 The hobbit thrusts his dagger.
 The hobbit hits!
 The pony kicks!
 You die...
 Do you want an account of creatures vanquished? [ynaq] (y) y
 Do you want to see your conduct and achievements? [ynq] (n) q

Inventory:
 Coins    ('$')
  $ - 35 gold pieces
 Weapons  (')')
  a - a +2 bullwhip (weapon in left hand)
 Armor    ('[')
  c - an uncursed +0 fedora (being worn)
  b - an uncursed +0 leather jacket (being worn)
 Comestibles  ('%')
  d - 4 uncursed food rations
  p - an uncursed homemade tin of gecko meat
  l - an uncursed homemade tin of goblin meat
  k - an uncursed homemade tin of jackal meat
  i - 3 uncursed lichen corpses
 Scrolls  ('?')
  m - an uncursed scroll of confuse monster
  n - an uncursed scroll of light
 Tools    ('(')
  h - an empty uncursed sack
  e - a +0 pick-axe (alternate weapon; not wielded)
  f - a tinning kit (0:93)
 Gems/Stones  ('*')
  g - an uncursed touchstone

ArrBianca the Archeologist's attributes:

Background:
 You were a Field Worker, a level 3 female dwarven Archeologist.
 You were lawful, on a mission for Quetzalcoatl
 who was opposed by Camaxtli (neutral) and Huhetotl (chaotic).
 You were left-handed.
 You were in the Gnomish Mines, on level 5.
 You entered the dungeon 1316 turns ago.
 You had 52 experience points, 28 more were needed to attain level 4.

Basics:
 You had 0 out of 39 hit points.
 You had all 6 energy points (spell power).
 Your armor class was 9.
 Your wallet contained 35 zorkmids.
 Autopickup was on for '$?!/="+%' plus thrown, with exceptions.

Final Characteristics:
 Your strength was 13 (limit:18/100).
 Your dexterity was 14 (limit:20).
 Your constitution was 19 (limit:20).
 Your intelligence was 16 (limit:16).
 Your wisdom was 14 (limit:16).
 Your charisma was 7 (limit:16).

Final Status:
 You weren't hungry.
 You were unencumbered.
 You were wielding a whip.
 You had basic skill with whip.

Final Attributes:
 You were devoutly aligned.
 You had automatic searching.
 You had infravision.
 You were lucky.
 You are dead.

Miscellaneous:
 You didn't encounter any bones levels.
 Total elapsed playing time was 6 minutes and 23 seconds.

Major events:
 Turn
    1: ArrBianca the lawful female dwarven Archeologist entered the dungeon
  766: attained the rank of Field Worker (level 3)
 1034: entered the Gnomish Mines
 1316: killed by a pony

You didn't know any spells.

Skills:
 Fighting Skills
   bare handed combat [Unskilled]
   two weapon combat  [Unskilled]
   riding             [Unskilled]
 Weapon Skills
   dagger             [Unskilled]
   knife              [Unskilled]
   pick-axe           [Basic]
   short sword        [Unskilled]
   saber              [Unskilled]
   club               [Unskilled]
   quarterstaff       [Unskilled]
   sling              [Unskilled]
   dart               [Unskilled]
   boomerang          [Unskilled]
   whip               [Basic]
   unicorn horn       [Unskilled]
 Spellcasting Skills
   attack spells      [Unskilled]
   healing spells     [Unskilled]
   divination spells  [Unskilled]
   matter spells      [Unskilled]

Voluntary challenges:
 Character rerolling was not enabled.
 You never had a pet.
 You never genocided any monsters.
 You never polymorphed an object.
 You never changed form.
 You used no wishes.
Achievements:
 You attained the rank of Field Worker.
 You entered the Gnomish Mines.

 The Dungeons of Doom: levels 1 to 4
    Level 1:
       An altar to Quetzalcoatl, a sink, a grave.
    Level 2:
       An altar, a fountain.
    Level 3:
       Stairs down to The Gnomish Mines.
    Level 4:
 The Gnomish Mines: levels 4 to 5
    Level 4:
    Level 5: <- You were here.
       Final resting place for
          you, killed by a pony.


Vanquished creatures:
  a yellow mold
  a red mold
  a gnome
  2 geckos
  2 jackals
  a fox
  a kobold
  a goblin
  5 grid bugs
  4 lichens
  a kobold zombie
  a newt
21 creatures vanquished.

No species were genocided or became extinct.

Game over:
                       ----------
                      /          \
                     /    REST    \
                    /      IN      \
                   /     PEACE      \
                  /                  \
                  |    ArrBianca     |
                  |      35 Au       |
                  | killed by a pony |
                  |                  |
                  |                  |
                  |                  |
                  |       2026       |
                 *|     *  *  *      | *
        _________)/\\_//(\/(/\)/\//\/|_)_______

Goodbye ArrBianca the Archeologist...

You died in The Gnomish Mines on dungeon level 5 with 440 points,
and 35 pieces of gold, after 1316 moves.
You were level 3 with a maximum of 39 hit points when you died.

